 Dungeon Crawl Stone Soup version 0.30-a0-639-g3916f1956a (webtiles) character file.

Game seed: 12274912877028493254

6286 Mitcholas the Cleaver (level 10, -3/63 HPs)
             Began as a Gargoyle Fighter on Jan 15, 2023.
             Was an Elder of Okawaru.
             Slain by a rust devil (6 damage)
             ... summoned by an orc high priest
             ... in a bailey.
             The game lasted 00:25:59 (9279 turns).

Mitcholas the Cleaver (Gargoyle Fighter)            Turns: 9279, Time: 00:25:59

Health: -3/63      AC: 11    Str: 24    XL:     10   Next: 94%
Magic:  13/13      EV: 10    Int:  9    God:    Okawaru [****..]
Gold:   1469       SH:  5    Dex: 19    Spells: 9/9 levels left

rFire   + . .      SeeInvis +    a - +6 executioner's axe "Grim" {speed, rElec rC+ Dex+4}
rCold   + . .      Faith    .    (shield currently unavailable)
rNeg    + . .      Spirit   .    k - +0 storm dragon scales
rPois   ∞          Reflect  +    j - +2 hat
rElec   +          Harm     .    (no cloak)
rCorr   .          Rampage  .    (no gloves)
Will    .....                    z - +0 pair of boots Stlth
                                 K - amulet of reflection
HPRegen 0.30/turn                C - ring of protection from fire
MPRegen 0.13/turn                D - ring of Xom's Best Wishes {rPois Dex+6 SInv}

@: corroded
A: sickness immunity, AC +7, negative energy resistance 1, electricity
resistance, torment resistance 1, petrification resistance
a: Renounce Religion, Heroism, Finesse


You were in a bailey.
You worshipped Okawaru.
Okawaru was greatly pleased with you.
You visited 2 branches of the dungeon, and saw 10 of its levels.
You also visited: Bailey.

You collected 1469 gold pieces.

Inventory:

Hand Weapons
 a - the +6 executioner's axe "Grim" (weapon) {speed, rElec rC+ Dex+4}
   (You acquired it in a bailey)

   Dex:       It affects your dexterity (+4).
   rC:        It protects you from cold.
   rElec:     It insulates you from electricity.
 f - a +0 broad axe
Missiles
 u - 2 atropa-tipped darts
 y - 24 poisoned darts
 J - a curare-tipped dart (quivered)
Armour
 c - a +0 buckler
 j - a +2 hat (worn)
 k - +0 storm dragon scales (worn)
 z - a +0 pair of boots (worn)
Jewellery
 A - an amulet of the acrobat
 C - a ring of protection from fire (left hand)
 D - the ring of Xom's Best Wishes (right hand) {rPois Dex+6 SInv}
   (You found it on level 7 of the Dungeon)

   [ring of dexterity]

   Dex:       It affects your dexterity (+6).
   rPois:     It protects you from poison.
   SInv:      It lets you see invisible.
 F - a ring of positive energy
 K - an amulet of reflection (around neck)
Wands
 p - a wand of iceblast (14)
 q - a wand of paralysis (6)
 x - a wand of flame (33)
Scrolls
 g - 2 scrolls of brand weapon {unknown}
 m - 4 scrolls of blinking {unknown}
 n - 5 scrolls of teleportation {unknown}
 o - a scroll of amnesia
 r - a scroll of noise
 t - 2 scrolls of fog {unknown}
 v - 2 scrolls of fear {unknown}
Potions
 b - a potion of brilliance {unknown}
 d - a potion of might
 e - a potion of heal wounds {unknown}
 h - a potion of curing
 i - a potion of lignification {unknown}
 l - 2 potions of berserk rage
 w - a potion of magic {unknown}
 B - 2 potions of cancellation {unknown}
 E - 2 potions of invisibility
 G - 3 potions of degeneration
 H - a potion of mutation {unknown}


   Skills:
 + Level 7.2 Fighting
 * Level 10.0 Axes
 + Level 7.3 Armour
 + Level 3.0 Dodging
 - Level 5.0 Shields
 + Level 4.3 Invocations
 + Level 5.2 Evocations


You had 9 spell levels left.
You didn't know any spells.
Your spell library contained the following spells:

 Spells                   Type           Power      Damage    Failure   Level
 Dazzling Flash           Conj/Hex       0%         N/A       100%        3
 Agony                    Necr           0%         N/A       100%        5
 Silence                  Hex/Air        0%         N/A       100%        5
 Dispersal                Tloc           0%         N/A       100%        6
 Summon Small Mammal      Summ           Unusable   N/A       N/A         1
 Call Canine Familiar     Summ           Unusable   N/A       N/A         3
 Summon Guardian Golem    Hex/Summ       Unusable   N/A       N/A         3
 Malign Gateway           Summ/Tloc      Unusable   N/A       N/A         7

Dungeon Overview and Level Annotations

Branches:
Dungeon (9/15)             Temple (1/1) D:5          Bailey (1/1)
   Lair: D:8-11         Orc: D:9-12

Altars:
Ashenzari
Cheibriados
Dithmenos
Elyvilon
Fedhas
Gozag
Hepliaklqana
Kikubaaqudgha
Makhleb
Nemelex Xobeh
Okawaru
Qazlal
Ru
Sif Muna
Trog
Uskayaw
Vehumet
Wu Jian
Xom
Yredelemnul
Zin
The Shining One

Shops:
D:4 [*[

Annotations:
D:8 exclusion: door


Innate Abilities, Weirdness & Mutations

You are immune to sickness and miasma.
Your stone body is resilient. (AC +7)
You are immune to poison.
You resist negative energy. (rN+)
You are resistant to electric shocks. (rElec)
You are resistant to unholy torment.
You are immune to petrification.


Message History

The smoke demon hits you but does no damage.
You block the smoke demon's attack. The smoke demon barely misses you.
The orc high priest hits you but does no damage.
The rust devil hits you. The rust devil corrodes you! The ice devil hits you!
The ice devil freezes you. You resist.
You hit the orc high priest but do no damage.
The orc high priest is heavily wounded.
You hit the smoke demon but do no damage.
You closely miss the ice devil. You hit the rust devil.
You are covered in liquid flames!
The smoke demon barely misses you.
The smoke demon hits you but does no damage. x2
You block the orc high priest's attack. The rust devil barely misses you.
The ice devil barely misses you.
You slice the orc high priest!!
The orc high priest is almost dead.
You slash the smoke demon! You barely miss the ice devil.
You hit the rust devil.
You are covered in liquid flames!
The smoke demon hits you.
The smoke demon hits you but does no damage.
The smoke demon hits you.
The orc high priest invokes the aid of Beogh against you.
Beogh smites you!
* * * LOW HITPOINT WARNING * * *
The rust devil hits you. The rust devil corrodes you!
The ice devil barely misses you.
Okay, then.
Unknown command.
You hit the orc high priest but do no damage.
The orc high priest is almost dead.
You barely miss the rust devil. You hit the smoke demon.
You closely miss the ice devil. The smoke demon gestures at you.
Beogh smites you!
* * * LOW HITPOINT WARNING * * *
The orc high priest hits you with a +0 war axe.
* * * LOW HITPOINT WARNING * * *
The rust devil hits you.
You die...

≈≈≈≈≈~)#.....#.....#.....#.~≈≈≈≈≈
≈≈≈≈≈~.#.8...#.....#...8.#.~≈≈≈≈≈
≈≈≈≈≈~.#.....#######.....#.~≈≈≈≈≈
≈≈≈≈≈~.#.8#############8.#.~≈≈≈≈≈
≈≈≈≈≈~.#..#...........#..#.~≈≈≈≈≈
≈≈≈≈≈~.#.8#...........#8.#.~≈≈≈≈≈
≈≈≈≈≈~.#.)#....._.....#).#.~≈≈≈≈≈
≈≈≈≈≈~.##)#....3o4....#)##.~≈≈≈≈≈
≈≈≈≈≈~.#..# ##@## #..#.~≈≈≈≈≈
≈≈≈≈≈~.#..# #.4.# #..#.~≈≈≈≈≈
≈≈≈≈≈~.#..# #...# #..#.~≈≈≈≈≈
≈≈≈≈≈~.#..# #8.8# #..#.†≈≈≈≈≈
≈≈≈≈≈~.#..# #...# #..#.†≈≈≈≈≈
≈≈≈≈≈#'#'##+###8.8###+##'#'#≈≈≈≈≈
≈≈≈≈≈#....#[[.#...#...#..).#≈≈≈≈≈
≈≈≈≈≈#....#[[.#...#...#....#≈≈≈≈≈
≈≈≈≈≈###..######.######..###≈≈≈≈≈


You could see an orc high priest, an ice devil (summoned), a rust devil
(summoned) and a smoke demon (summoned).

Vanquished Creatures
  A two-headed ogre (D:8)
  Pikel (D:5)
  An orc knight (Bailey)
  A kobold demonologist (Bailey)
  A troll (D:9)
  Sigmund (D:3)
  A wyvern (D:8)
  2 steam dragons
  2 water moccasins
  An ice beast (D:7)
  A black bear (D:5)
  9 orc warriors (Bailey)
  An ogre (D:5)
  4 lemures (D:5)
  2 centaurs (D:8)
  3 kobold brigands (D:8)
  4 bullfrogs
  2 scorpions
  2 necrophages
  5 wights (D:6)
  5 killer bees (D:9)
  2 electric eels (Bailey)
  A howler monkey (D:6)
  6 jellies
  A gnoll bouda (D:5)
  5 hounds
  Crazy Yiuf (D:2)
  An iguana (D:6)
  Natasha (thrice) (D:2)
  5 orc wizards
  Terence (D:2)
  10 gnolls
  8 adders
  12 river rats (D:5)
  A white imp (D:5)
  An ufetubus (D:5)
  A dart slug (D:4)
  34 orcs
  6 ball pythons
  8 endoplasms
  3 giant cockroaches
  13 goblins
  8 hobgoblins
  19 kobolds
  9 quokkas
  8 bats
  4 frilled lizards
  20 rats
241 creatures vanquished.

Vanquished Creatures (others)
  12 fungi (D:8)
  3 toadstools (D:8)
15 creatures vanquished.

Grand Total: 256 creatures vanquished

Notes
Turn   | Place    | Note
-------+----------+-------------------------------------------
     0 | D:1      | Mitcholas the Gargoyle Fighter began the quest for the Orb.
     0 | D:1      | Reached XP level 1. HP: 14/14 MP: 1/1
    15 | D:1      | Reached skill level 2 in Axes
   182 | D:1      | Got the Cyclopedia of the Sepulchral Excursion
   235 | D:1      | Reached XP level 2. HP: 16/19 MP: 2/2
   942 | D:2      | Found an ornate altar of the Wu Jian Council.
   974 | D:2      | Reached skill level 3 in Axes
   996 | D:2      | Noticed Terence
  1011 | D:2      | Killed Terence
  1012 | D:2      | Reached XP level 3. HP: 16/23 MP: 3/3
  1137 | D:2      | Found a runed translucent door.
  1138 | D:2      | Noticed Crazy Yiuf
  1457 | D:2      | Noticed Natasha
  1461 | D:2      | Killed Natasha
  1462 | D:2      | Reached skill level 4 in Axes
  1462 | D:2      | Reached XP level 4. HP: 19/28 MP: 4/4
  1756 | D:2      | Noticed Natasha
  1763 | D:2      | Killed Natasha
  1764 | D:2      | Reached XP level 5. HP: 24/32 MP: 5/5
  1924 | D:2      | Killed Crazy Yiuf
  1926 | D:2      | Identified the +5 hammer of Dust {freeze, Drain rF+ Dex+6
                  | SInv}
  2014 | D:2      | Found an ornate altar of the Wu Jian Council.
  2414 | D:2      | Noticed Natasha
  2422 | D:2      | Killed Natasha
  2423 | D:2      | Reached skill level 5 in Axes
  2560 | D:3      | Noticed Sigmund
  2562 | D:3      | Killed Sigmund
  2563 | D:3      | Reached skill level 6 in Axes
  2563 | D:3      | Reached XP level 6. HP: 37/37 MP: 6/6
  3158 | D:4      | Found Maiklooru's Antique Armour Boutique.
  3466 | D:4      | Found Ygreocoi's Armour Emporium.
  3647 | D:4      | Reached XP level 7. HP: 32/41 MP: 7/7
  3781 | D:4      | Found Giczy's Assorted Antiques.
  3837 | D:5      | Entered Level 5 of the Dungeon
  3889 | D:5      | Reached skill level 1 in Evocations
  3966 | D:5      | Noticed Pikel
  3982 | D:5      | Killed Pikel
  3983 | D:5      | Reached skill level 7 in Axes
  3983 | D:5      | Reached XP level 8. HP: 31/48 MP: 8/8
  4107 | D:5      | Found a white marble altar of Elyvilon.
  4110 | D:5      | Found a glowing golden altar of the Shining One.
  4110 | D:5      | Found a shimmering altar of Xom.
  4157 | D:5      | Found a staircase to the Ecumenical Temple.
  4239 | Temple   | Entered the Ecumenical Temple
  4501 | Temple   | Became a worshipper of Warmaster Okawaru
  5058 | D:5      | Reached skill level 5 in Armour
  5202 | D:5      | Reached skill level 5 in Fighting
  5204 | D:5      | Reached skill level 5 in Shields
  5655 | D:6      | Reached * piety under Okawaru
  5656 | D:6      | Reached XP level 9. HP: 53/54 MP: 9/9
  5849 | D:6      | Reached skill level 8 in Axes
  6285 | D:6      | Identified the +3 robe "Onucweekk" {rPois Regen+ Dex-5}
  6660 | D:7      | Reached skill level 1 in Invocations
  6793 | D:7      | Identified the +4 flail of Jenayr {elec, rC- rN+ Int+9}
  6808 | D:7      | Identified the ring of Xom's Best Wishes {rPois Dex+6 SInv}
  6828 | D:7      | Reached ** piety under Okawaru
  7568 | D:8      | Found a hazy altar of Hepliaklqana.
  7594 | D:8      | Noticed a two-headed ogre
  7601 | D:8      | Killed a two-headed ogre
  7601 | D:8      | Reached *** piety under Okawaru
  7602 | D:8      | Reached skill level 9 in Axes
  7602 | D:8      | Reached skill level 1 in Dodging
  7602 | D:8      | Reached XP level 10. HP: 60/60 MP: 11/11
  8065 | D:8      | HP: 1/61 [slime creature (5)]
  8604 | D:9      | Reached **** piety under Okawaru
  8611 | D:9      | Found a flagged portal.
  8636 | Bailey   | Entered a bailey
  9007 | Bailey   | Noticed a kobold demonologist
  9014 | Bailey   | Noticed an orc knight
  9015 | Bailey   | Noticed a sun demon
  9019 | Bailey   | Killed a kobold demonologist
  9020 | Bailey   | Reached skill level 5 in Evocations
  9027 | Bailey   | Killed an orc knight
  9191 | Bailey   | Acquired the +6 executioner's axe "Grim" {speed, rElec rC+
                  | Dex+4}
  9192 | Bailey   | Acquired 958 gold pieces
  9264 | Bailey   | Found an iron altar of Okawaru.
  9264 | Bailey   | Noticed an orc high priest
  9270 | Bailey   | Reached skill level 10 in Axes
  9271 | Bailey   | Noticed a smoke demon
  9272 | Bailey   | Noticed a rust devil
  9279 | Bailey   | HP: 3/63 [orc high priest/+0 war axe (1)]
  9279 | Bailey   | Slain by a rust devil

Illustrated notes

Levels and vault maps discovered:
D:1:      lightli_arrival_maybe_door_vault, layout_basic, minmay_three_crescents
D:2:      layout_loops_corners, basic_altar, uniq_natasha, uniq_terence,
          uniq_crazy_yiuf_cottage
D:3:      layout_loops_cross, kennysheep_potato, uniq_sigmund
D:4:      layout_basic, serial_shops, shop, kennysheep_mini_moat,
          nicolae_diamond_shop
D:5:      lemuel_ratsnest, layout_basic,
          chequers_temple_overflow_statue_of_worship, minmay_temple_entry_fiery,
          uniq_pikel
D:6:      layout_rooms, abandoned_shop, serial_bayou_crossing
D:7:      layout_basic
D:8:      cheibrodos_fertilizer, layout_loops_ring, nzn_hepliaklqana_mist_gate
D:9:      layout_grid_maze, enter_bailey_5
Temple:   dpeg_five_rooms_temple
Bailey:   bailey_axe_of_yendor_kennysheep, bailey

Skill      XL: |  1  2  3  4  5  6  7  8  9 10 |
---------------+-------------------------------+-----
Axes           | 2 3 4 6 7 9 10 | 10.0
Evocations     | 2 3 4 5 |  5.2
Fighting       | 4 5 6 7 |  7.2
Armour         | 4 5 6 7 |  7.3
Shields        | 4 5 |  5.0
Invocations    | 2 4 |  4.3
Dodging        | 1 3 |  3.0

Action                   |  1- 3 |  4- 6 |  7- 9 | 10-12 || total
-------------------------+-------+-------+-------+-------++-------
Melee: War axe           |    75 |    33 |   383 |   249 ||   740
       Hand axe          |       |    67 |    16 |       ||    83
       Broad axe         |       |       |       |    31 ||    31
       Executioner's axe |       |       |       |    13 ||    13
Throw: Dart              |       |       |     1 |       ||     1
Evoke: Wand              |       |     3 |     6 |     2 ||    11
  Use: Scroll            |       |       |       |     9 ||     9
       Potion            |       |       |       |     1 ||     1
 Stab: Paralysed         |       |       |     4 |     7 ||    11
Armor: Scale mail        |    28 |       |       |       ||    28
       Storm dragon scal |    30 |    65 |   238 |   159 ||   492
Dodge: Dodged            |    54 |    28 |   121 |   133 ||   336
Block: Buckler           |    25 |    19 |    80 |    70 ||   194
       Other             |       |       |       |     4 ||     4

Table legend: (Time is in decaauts)
 A = Elapsed time spent in this place.
 B = Non-inter-level travel time spent in this place.
 C = Inter-level travel time spent in this place.
 D = Time resting spent in this place.
 E = Time spent auto-exploring this place.
 F = Levels seen in this place.
 G = Mean time per level.
                   A        B        C        D        E       F      G
               +--------+--------+--------+--------+--------+-----+--------+
         Total |   9401 |   8929 |    472 |    875 |   5699 |  11 |  854.6 |
       Dungeon |   8456 |   8016 |    440 |    726 |   5413 |   9 |  939.6 |
        Temple |    295 |    263 |     32 |      0 |    247 |   1 |  295.0 |
        Bailey |    649 |    649 |      0 |    149 |     38 |   1 |  649.0 |
               +--------+--------+--------+--------+--------+-----+--------+

Top non-repeatable levels by time:
     D:2: 1544 daAuts
     D:5: 1408 daAuts
     D:8: 1112 daAuts
     D:6: 1008 daAuts
     D:1: 954 daAuts
     D:3: 759 daAuts
     D:7: 757 daAuts
     D:4: 747 daAuts
  Bailey: 649 daAuts
  Temple: 295 daAuts
     D:9: 164 daAuts
